 Dungeon Crawl Stone Soup version 0.20.1-1-g8b1a95d (webtiles) character file.

1047 equalderp2856 the Chopper (level 8, -2/60 HPs)
             Began as a Mummy Fighter on Oct 25, 2017.
             Slain by a killer bee (7 damage)
             ... on level 7 of the Dungeon.
             The game lasted 00:10:33 (7034 turns).

equalderp2856 the Chopper (Mummy Fighter)           Turns: 7034, Time: 00:10:34

Health: -2/60      AC:  8    Str: 19    XL:     8   Next: 5%
Magic:  0/12       EV: 10    Int: 10    God:
Gold:   162        SH:  9    Dex: 11    Spells: 12/12 levels left

rFire    x . .     SeeInvis .   a - +0 war axe
rCold    + . .     Gourm    .   c - +0 shield
rNeg     + + +     Faith    .   b - +0 scale mail
rPois    ∞         Spirit   +   (no helmet)
rElec    .         Reflect  .   t - scarf {Spirit}
rCorr    .         Harm     .   f - +0 pair of gloves
MR       +....                  (no boots)
Stlth    ..........             (no amulet)
Regen    0.2/turn               v - +2 ring of evasion
MPRegen  0.2/turn               s - ring of flight

@: no status effects
A: no food or potions, fire vulnerability, cold resistance 1, negative energy
resistance 3, torment resistance, unbreathing
a: Evoke Flight


You were on level 7 of the Dungeon.
You were not hungry.

You visited 1 branch of the dungeon, and saw 7 of its levels.

You collected 279 gold pieces.
You spent 117 gold pieces at shops.

Inventory:

Hand Weapons
 a - a +0 war axe (weapon)
Armour
 b - a +0 scale mail (worn)
 c - a +0 shield (worn)
 f - a +0 pair of gloves (worn)
 t - a scarf of spirit shield (worn)
 u - a +0 cloak
Jewellery
 o - an uncursed ring of resist corrosion
 s - a ring of flight (right hand)
 v - a +2 ring of evasion (left hand)
 w - a +4 ring of evasion
 x - an uncursed ring of protection from cold {unknown}
Scrolls
 d - 3 scrolls of remove curse {unknown}
 e - a scroll of random uselessness {unknown}
 g - a scroll of noise {unknown}
 h - a scroll of magic mapping {unknown}
 i - a scroll of blinking {unknown}
 j - 3 scrolls of teleportation {unknown}
 k - 2 scrolls of immolation {unknown}
 l - 2 scrolls of fog {unknown}
 m - 2 scrolls of amnesia {unknown}
 n - 6 scrolls of identify {unknown}
 p - a scroll of enchant weapon {unknown}
 r - a scroll of fear {unknown}
Books
 q - a book of Maledictions

   Spells                             Type                      Level
   a - Corona                         Hexes                        1
   b - Ensorcelled Hibernation        Hexes/Ice                    2
   c - Confuse                        Hexes                        3
   d - Tukima's Dance                 Hexes                        3
   e - Dazzling Spray                 Conjuration/Hexes            3


   Skills:
 + Level 4.3 Fighting
 * Level 5.4 Axes
 + Level 3.9 Armour
 + Level 1.4 Dodging
 + Level 0.3 Stealth
 + Level 3.6 Shields
 * Level 2.7 Spellcasting


You had 12 spell levels left.
You didn't know any spells.

Dungeon Overview and Level Annotations

Branches:
Dungeon (7/15)
 Temple: D:4-7

Altars:
Cheibriados

Shops:
D:5 [


Innate Abilities, Weirdness & Mutations

You do not eat or drink.
Your flesh is vulnerable to fire.
You are immune to poison.
Your flesh is cold resistant. (rC+)
You are immune to negative energy. (rN+++)
You are immune to unholy pain and torment.
You can survive without breathing.


Message History

You closely miss the orc.
The orc priest miscasts a cantrip.
You block the orc's attack.
The killer bee stings you but does no damage.
The killer bee closely misses you.
Okay, then.
The killer bee stings you!
* * * LOW HITPOINT WARNING * * *
The killer bee closely misses you. You block the killer bee's attack.
The orc wizard casts a spell.
The orc wizard flickers and vanishes!
The killer bee stings you but does no damage.
The killer bee misses you. The killer bee stings you!
* * * LOW HITPOINT WARNING * * *
The killer bee closely misses you.
You see here a quokka skeleton.
You block the killer bee's attack.
The killer bee stings you but does no damage.
The killer bee stings you!
You die...

####.####..##.####..###.###.###
#.^#^#^.#..# .# #).# #.#
#o###y# ####+####..##.# #..#
#.# #.5.5.#
...#?#.....##.####..# #.#
#.###.#
##.###.##.......##..###.###.#
#.....##.###.#.......o.....#
#####....# #......5..<.(o.##
####.# #.####o.###.##%#
#########.###...@yy.# #.#>..#
......(.......####.## #.......
#########..........# ###...###
############ ##... #####


You could see 2 killer bees, an orc priest, a shadow imp and an orc.

Vanquished Creatures
  An ice beast (D:7)
  An ogre (D:5)
  2 bullfrogs
  2 jellies
  2 hounds
  3 orc priests
  2 iguanas
  4 worker ants
  5 orc wizards
  Natasha (thrice) (D:2)
  5 adders
  An ooze (D:1)
  4 adder skeletons
  4 worms
  5 dart slugs
  3 leopard geckos
  10 orcs
  5 giant cockroaches
  5 goblins
  7 hobgoblins
  10 jackals
  4 quokkas
  A ball python (D:1)
  8 bats
  4 frilled lizards
  7 kobolds
  5 rats
113 creatures vanquished.

Notes
Turn   | Place    | Note
-------+----------+-------------------------------------------
     0 | D:1      | equalderp2856 the Mummy Fighter began the quest for the Orb.
     0 | D:1      | Reached XP level 1. HP: 18/18 MP: 1/1
    69 | D:1      | Reached XP level 2. HP: 21/24 MP: 2/2
   550 | D:1      | Reached XP level 3. HP: 29/29 MP: 3/3
   717 | D:2      | Reached skill level 2 in Axes
   977 | D:2      | Noticed Natasha
   986 | D:2      | Killed Natasha
   986 | D:2      | Reached XP level 4. HP: 30/35 MP: 4/4
  1121 | D:2      | Noticed Natasha
  1131 | D:2      | Killed Natasha
  1265 | D:2      | Noticed Natasha
  1271 | D:2      | Killed Natasha
  1606 | D:3      | Reached XP level 5. HP: 40/41 MP: 5/5
  1635 | D:3      | Reached skill level 1 in Dodging
  1892 | D:3      | Reached skill level 3 in Axes
  2056 | D:3      | Reached skill level 1 in Spellcasting
  2328 | D:4      | Reached XP level 6. HP: 29/48 MP: 7/7
  2544 | D:4      | Found a snail-covered altar of Cheibriados.
  2962 | D:5      | Entered Level 5 of the Dungeon
  3483 | D:5      | You fall through a shaft!
  3793 | D:5      | Reached skill level 4 in Axes
  4228 | D:5      | Found Neotag's Armour Shop.
  4273 | D:4      | Reached XP level 7. HP: 32/53 MP: 9/9
  4484 | D:5      | Bought a scarf of spirit shield for 117 gold pieces
  6698 | D:7      | Reached skill level 5 in Axes
  6855 | D:7      | Reached XP level 8. HP: 48/60 MP: 6/12
  7034 | D:7      | Slain by a killer bee

Skill      XL: |  1  2  3  4  5  6  7 |
---------------+----------------------+-----
Axes           | 2 3 4 5 |  5.4
Shields        | 3 |  3.6
Armour         | 3 |  3.9
Dodging        | 1 |  1.4
Spellcasting   | 1 2 |  2.7
Fighting       | 4 |  4.3
Stealth        | |  0.3

Action                   |  1- 3 |  4- 6 |  7- 9 || total
-------------------------+-------+-------+-------++-------
Melee: War axe           |   100 |   267 |   132 ||   499
Armor: Scale mail        |    63 |   122 |    80 ||   265
Dodge: Dodged            |    42 |    81 |    80 ||   203
Block: Shield            |    77 |   151 |    92 ||   320
